Map: Blueshift LE

Players

CoachZ

  • Race: Terran Terran
  • League: Diamond
  • Spawn Location: 7:00

DaddyTugboat - Winner!

  • Race: Zerg Zerg
  • League: Diamond
  • Spawn Location: 1:00

Event: Cheeseadelphia 8

VOD

Have the link to the VOD?

Description

Time

  • Played on: Dec. 8, 2018, 9:33 a.m.
  • Length: 14:35

All games in this series

Show
View Real Time Build Order
Export as new Build Order

CoachZ Terran 

Build Orders:  

Get SALT Encoding   

  12  0:01  SCV  
  13  0:14  SCV  
  14  0:22  Supply Depot  
  14  0:26  SCV  
  15  0:44  SCV  
  15  0:46  Barracks  
  16  0:56  SCV  
  17  1:08  SCV  
  17  1:20  SCV  
  17  1:23  Refinery  
  18  1:28  Command Center  
  18  1:33  SCV  
  19  1:43  Marine  
  19  1:45  Supply Depot  
  20  1:52  Orbital Command  
  20  2:05  Reaper  
  21  2:10  Barracks  
  21  2:18  SCV  
  22  2:30  Refinery, SCV  
  23  2:38  Barracks Tech Lab  
  23  2:42  Orbital Command  
  23  2:43  SCV  
  24  2:55  SCV  
  26  3:06  Marine  
  26  3:07  Stimpack  
  26  3:08  Barracks Reactor  
  26  3:10  Barracks, SCV  
  26  3:11  SCV  
  28  3:23  Marine, SCV x2  
  31  3:35  SCV  
  31  3:36  Factory  
  31  3:37  SCV  
  33  3:41  Barracks, Marine  
  33  3:45  Marine x2  
  33  3:47  SCV  
  37  3:54  SCV  
  38  3:58  Barracks Reactor  
  38  3:59  SCV  
  38  4:01  Refinery  
  39  4:03  Marine x2  
  39  4:06  SCV  
  42  4:11  SCV  
  42  4:15  Marine  
  43  4:18  SCV  
  43  4:21  Marine x2  
  43  4:22  Refinery  
  46  4:27  Supply Depot  
  46  4:28  Barracks Tech Lab  
  46  4:29  Factory Reactor, Supply Depot x2  
  46  4:33  Starport  
  46  4:49  Marine x3, SCV  
  46  4:51  SCV  
  51  5:01  SCV  
  51  5:03  SCV  
  53  5:07  Marine x2  
  53  5:13  SCV  
  56  5:15  SCV  
  56  5:16  Marine x2, Command Center  
  56  5:17  Combat Shield  
  56  5:20  Medivac  
  62  5:23  Medivac, Factory Tech Lab  
  62  5:25  SCV  
  62  5:28  SCV  
  65  5:29  Marine x3  
  65  5:32  Marine  
  69  5:39  SCV  
  70  5:47  Supply Depot  
  70  5:49  Supply Depot  
  70  5:50  Supply Depot  
  70  6:08  Marine x4  
  70  6:09  SCV, Siege Tank  
  70  6:10  Marine x2  
  80  6:15  Medivac x2  
  80  6:16  SCV  
  85  6:21  SCV  
  86  6:26  Marine x4  
  86  6:28  Marine x2  
  86  6:29  Orbital Command  
  92  6:35  Supply Depot  
  92  6:36  SCV x2  
  94  6:42  Engineering Bay x2  
  94  6:44  Marine x3  
  97  6:53  Orbital Command  
  97  6:54  Marine x3  
  97  6:55  Medivac x2  
  97  6:59  Supply Depot  
  105  7:01  SCV x2  
  105  7:02  Marine  
  105  7:05  Marine x2  
  105  7:06  Siege Tank  
  112  7:12  Marine x2  
  114  7:29  SCV  
  113  7:38  Marine x5  
  113  7:39  Marine  
  118  7:48  SCV x3  
  114  7:55  Supply Depot, Terran Infantry Weapons Level 1  
  114  7:56  Terran Infantry Armor Level 1  
  114  8:00  Barracks, Marine x2, SCV  
  114  8:01  Marine x4  
  114  8:02  Barracks x2  
  114  8:03  Barracks  
  120  8:06  SCV x2  
  122  8:18  Marine x2  
  122  8:19  Supply Depot  
  124  8:20  Siege Tank  
  127  8:27  Armory  
  127  8:30  Supply Depot  
  131  8:34  Marine x2, Marauder x2  
  131  8:40  Marine x2  
  131  8:41  SCV  
  136  8:42  SCV x2  
  136  8:47  Barracks Tech Lab  
  138  8:49  Barracks Tech Lab x2  
  138  8:52  Marine x2  
  138  8:53  SCV  
  138  8:54  Supply Depot, SCV  
  138  8:55  Supply Depot, SCV, Marauder  
  147  8:56  Marauder  
  147  8:57  Supply Depot  
  147  9:00  Barracks Tech Lab  
  147  9:02  Marine  
  148  9:03  Supply Depot, Marine  
  149  9:15  Viking, Marine, SCV  
  149  9:16  Marine, Marauder x3  
  164  9:17  Supply Depot, Marauder x2  
  164  9:20  Medivac  
  166  9:25  Marine x2, Marauder  
  166  9:26  Supply Depot  
  170  9:33  Marine  
  170  9:36  Marine  
  170  9:37  Marauder  
  170  9:38  Marine x2  
  180  9:40  Supply Depot  
  180  9:43  SCV x3  
  180  9:45  Medivac  
  170  9:48  Marine  
  170  9:49  Marauder  
  170  9:50  Medivac  
  177  9:55  SCV  
  177  9:59  Marauder  
  176  10:02  Command Center  
  176  10:07  Terran Infantry Weapons Level 2  
  176  10:12  Siege Tank  
  179  10:17  SCV x3  
  182  10:24  Viking  
  182  10:27  Marine  
  182  10:28  Marine x3, Marauder  
  189  10:29  Marine, Marauder  
  189  10:35  SCV x2  
  194  10:36  SCV  
  196  10:48  Marine x3, Marauder x3  
  196  10:49  Marine, Marauder x2  
  160  11:00  SCV x2  
  160  11:01  SCV  
  163  11:08  Terran Infantry Armor Level 2  
  163  11:12  SCV  
  163  11:13  Marine x3, SCV, Marauder  
  163  11:14  Marine, Marauder x2  
  175  11:20  Marine  
  175  11:21  Marauder x2  
  180  11:31  Marine  
  132  11:41  Marine x3, Marauder x2  
  132  11:46  Marine x2  
  132  11:47  Marine, Marauder  
  137  11:49  Marine  
  136  11:59  Marine x2  
  131  12:01  Marine  
  131  12:02  Marauder x2  
  131  12:04  Marine  
  131  12:05  Marauder x2  
  131  12:06  Marine  
  139  12:09  Marauder  
  139  12:14  SCV x2  
  139  12:16  Marine  
  139  12:17  Marine  
  137  12:23  Marauder  
  137  12:24  Marine x2, Marauder  
  137  12:26  SCV  
  137  12:27  Marine  
  143  12:35  Planetary Fortress  
  138  12:50  Reaper  
  138  12:51  Marauder x2  
  135  12:55  SCV x2  
  135  13:00  Medivac  
  137  13:07  SCV x2  
  137  13:11  Marine, Marauder  
  130  13:25  Marine  
  130  13:26  Marine x5  
  128  13:27  Marauder  
  128  13:31  Marauder  
  128  13:33  Marauder  
  132  13:37  SCV  
  133  13:47  Command Center  
  133  13:51  Medivac  
  135  14:00  SCV x2  
Show
View Real Time Build Order
Export as new Build Order

DaddyTugboat Zerg - Winner!

Build Orders: Hatch First 

Get SALT Encoding   

  12  0:01  Drone  
  13  0:12  Overlord  
  13  0:17  Drone  
  14  0:31  Drone x2  
  16  0:53  Hatchery  
  16  0:55  Drone  
  16  1:01  Drone  
  16  1:03  Drone  
  18  1:17  Extractor  
  17  1:19  Spawning Pool  
  17  1:22  Drone  
  17  1:26  Drone  
  17  1:31  Drone  
  19  1:43  Drone  
  20  1:51  Drone  
  21  2:12  Queen x2  
  21  2:14  Zergling x4  
  27  2:16  Drone  
  28  2:28  Hatchery  
  27  2:38  Overlord  
  27  2:43  Metabolic Boost  
  27  2:44  Drone  
  28  2:56  Drone  
  28  3:10  Drone x4  
  28  3:11  Drone  
  28  3:12  Overlord  
  33  3:30  Queen  
  33  3:32  Zergling x2  
  33  3:33  Drone x5  
  41  3:43  Queen  
  41  3:46  Drone x2  
  45  3:53  Overlord  
  45  3:54  Overlord x2  
  45  4:01  Pneumatized Carapace  
  45  4:05  Drone  
  45  4:06  Extractor  
  45  4:07  Queen  
  47  4:20  Queen  
  49  4:30  Drone x2  
  49  4:31  Overlord  
  51  4:33  Zergling x6  
  54  4:39  Drone  
  54  4:40  Baneling Nest, Drone x2  
  54  4:42  Drone  
  54  4:44  Queen  
  58  4:54  Drone  
  59  5:00  Zergling x4  
  61  5:10  Zergling x2  
  61  5:11  Zergling x8  
  66  5:22  Zergling x2  
  66  5:23  Hatchery, Zergling x6  
  69  5:36  Overlord x2  
  69  5:37  Overlord  
  69  5:45  Drone x2  
  69  5:46  Drone  
  72  5:52  Evolution Chamber  
  72  5:53  Evolution Chamber  
  70  6:00  Drone x2  
  72  6:10  Zergling x2  
  72  6:11  Zergling x14  
  80  6:18  Queen  
  80  6:20  Hatchery  
  81  6:33  Zerg Melee Weapons Level 1, Zerg Ground Armor Level 1  
  81  6:34  Drone x2  
  81  6:35  Lair, Drone  
  81  6:38  Drone x3  
  81  6:39  Drone x7  
  94  6:58  Drone  
  94  6:59  Drone  
  94  7:01  Extractor  
  95  7:02  Overlord, Extractor  
  95  7:03  Overlord x2  
  95  7:04  Overlord  
  95  7:05  Overlord  
  94  7:13  Extractor  
  94  7:14  Overlord x2  
  94  7:15  Overlord  
  87  7:23  Drone x3  
  89  7:36  Drone x3  
  90  7:37  Drone x3  
  90  7:41  Drone  
  90  7:42  Drone x8  
  101  7:54  Drone  
  101  7:55  Drone x8  
  110  8:01  Centrifical Hooks  
  110  8:02  Hydralisk Den  
  110  8:05  Zergling x10  
  110  8:22  Queen  
  110  8:24  Drone  
  110  8:25  Drone x2  
  115  8:27  Queen, Extractor  
  115  8:28  Queen, Extractor  
  117  8:39  Zergling x30  
  132  8:47  Baneling x10  
  131  8:52  Grooved Spines  
  130  8:57  Infestation Pit  
  130  9:00  Zergling x2  
  130  9:01  Zergling x18  
  138  9:17  Zerg Melee Weapons Level 2, Zerg Ground Armor Level 2  
  138  9:22  Zergling x22  
  139  9:35  Hydralisk  
  139  9:36  Hydralisk x4  
  139  9:38  Overlord x3  
  148  9:39  Overlord x2  
  141  9:59  Overlord x2  
  141  10:00  Hydralisk x4  
  141  10:01  Hydralisk x2  
  141  10:04  Muscular Augments  
  153  10:08  Hive  
  153  10:09  Spire  
  153  10:10  Hydralisk x2, Drone x3, Extractor  
  153  10:11  Hydralisk x7  
  153  10:12  Hydralisk  
  174  10:26  Baneling x15  
  174  10:27  Baneling x6  
  174  10:28  Zergling x6  
  175  10:29  Zergling x10  
  156  11:03  Zergling x18  
  156  11:04  Zergling x12  
  158  11:17  Baneling x8  
  158  11:20  Zergling x2  
  158  11:21  Zergling x8  
  140  11:41  Zergling x2  
  140  11:42  Zergling x24  
  140  11:44  Baneling x6  
  150  11:58  Greater Spire  
  150  12:02  Corruptor x5  
  150  12:03  Corruptor x2  
  163  12:11  Zergling x2  
  163  12:12  Zergling x22  
  173  12:20  Pathogen Glands  
  171  12:39  Overlord x6  
  171  12:41  Overseer x2  
  171  12:43  Corruptor x2  
  169  12:57  Overlord x2  
  168  13:02  Zergling x12  
  167  13:23  Brood Lord x2  
  167  13:24  Brood Lord x5  
  169  13:28  Overseer x2, Baneling  
  169  13:29  Baneling x5, Zergling x2  
  169  13:30  Zergling x42  
  169  13:34  Zergling x6  
  194  14:11  Hatchery  
  194  14:15  Zergling x2  
  194  14:16  Zergling x20  
Tags
 
Add a new tag
Caveats
  • Supply blocks, unpowered buildings, or Contaminate may cause inaccurate times.
  • Supply counts are checked every 10 seconds.